 Dungeon Crawl Stone Soup version 0.32-a0-42-ga30500b4d3 (webtiles) character file.

Game seed: 13849759767185266186

3189 anacleto the Mimic (level 9, 0/85 HPs)
             Began as a Troll Shapeshifter on Jan 28, 2024.
             Was a Follower of Qazlal.
             Slain by Psyche
             ... wielding a +3 dagger of distortion
              (7 damage)
             ... on level 8 of the Dungeon.
             The game lasted 00:16:34 (6908 turns).

anacleto the Mimic (Troll Shapeshifter)             Turns: 6908, Time: 00:16:35

Health: 0/85       AC:  4    Str: 28    XL:     9   Next: 64%
Magic:  8/8        EV: 10    Int:  6    God:    Qazlal [*.....]
Gold:   280        SH:  2    Dex:  9    Spells: 8/8 levels left

rFire   . .          .
                       - Unarmed
rCold   . . .        (no shield)
rNeg    . . .        a - +0 animal skin
rPois   .            (helmet currently unavailable)
rElec   .            (cloak currently unavailable)
rCorr   .            (gloves unavailable)
SInv    .            (boots unavailable)
Will    .....        (no amulet)
Stlth   +            x - ring of flight
HPRegen 1.14/turn    (no ring)
MPRegen 0.11/turn

%: no passive effects
@: beast-form, flying
A: beast (slay +4), large, unfitting armour, claws 3, regeneration 1, shaggy fur
1, tough skin 1
a: Begin Untransformation, Renounce Religion


You were on level 8 of the Dungeon.
You worshipped Qazlal.
Qazlal was aware of your devotion.
You were a hulking beast.
You visited 2 branches of the dungeon, and saw 9 of its levels.

You collected 484 gold pieces.
You spent 204 gold pieces at shops.

Inventory:

Missiles
 e - 20 poisoned darts (quivered)
 l - a javelin
 u - 2 atropa-tipped darts
Armour
 a - a +0 animal skin (worn)
Jewellery
 x - a ring of flight (left claw)
Talismans
 c - a beast talisman
 d - a flux talisman
Wands
 i - a wand of charming (21)
Scrolls
 b - 2 scrolls of amnesia
 f - a scroll of revelation {unknown}
 j - 3 scrolls of teleportation
 k - 3 scrolls of immolation
 n - 2 scrolls of enchant armour
 p - a scroll of vulnerability
 t - 2 scrolls of torment
 v - a scroll of identify
Potions
 m - a potion of attraction
 o - 2 potions of mutation
 q - 2 potions of magic {unknown}
 r - a potion of haste {unknown}
 w - a potion of enlightenment {unknown}


   Skills:
 - Level 4.3 Fighting
 - Level 3.5 Throwing
 - Level 4.5 Dodging
 - Level 5.9 Unarmed Combat
 * Level 9.1 Shapeshifting


You had 8 spell levels left.
You didn't know any spells.
Your spell library contained the following spells:

 Spells                   Type           Power      Damage    Failure   Level
 Apportation              Tloc           0%         N/A       45%         1
 Necrotise                Necr           0%         1d4       45%         1
 Sandblast                Erth           0%         2d4       45%         1
 Slow                     Hex            0%         N/A       45%         1
 Sting                    Conj/Alch      0%         1d3       45%         1
 Summon Small Mammal      Summ           0%         N/A       45%         1
 Mercury Vapours          Alch/Air       0%         N/A       58%         2
 Mephitic Cloud           Conj/Alch/Air  0%         N/A       83%         3
 Passwall                 Erth           0%         N/A       83%         3
 Sigil of Binding         Hex            0%         N/A       83%         3
 Stone Arrow              Conj/Erth      0%         3d7       83%         3
 Tukima's Dance           Hex            0%         N/A       83%         3
 Brom's Barrelling Bould  Conj/Erth      0%         2d3       99%         4
 Ignite Poison            Fire/Alch      0%         N/A       99%         4
 Passage of Golubria      Tloc           0%         N/A       99%         4
 Fireball                 Conj/Fire      0%         3d3       100%        5
 Freezing Cloud           Conj/Ice/Air   0%         6-21      100%        5
 Silence                  Hex/Air        0%         N/A       100%        5
 Yara's Violent Unravell  Hex/Alch       0%         3d3       100%        5
 Sculpt Simulacrum        Ice/Alch       0%         N/A       100%        6
 Enfeeble                 Hex            0%         N/A       100%        7
 Ozocubu's Refrigeration  Ice            0%         4d7       100%        7
 Lehudib's Crystal Spear  Conj/Erth      0%         10d2      100%        8
 Polar Vortex             Ice            0%         N/A       100%        9


Dungeon Overview and Level Annotations

Branches:
Dungeon (8/15)             Temple (1/1) D:6
   Lair: D:8-11

Altars:
Ashenzari
Dithmenos
Elyvilon
Fedhas
Gozag
Hepliaklqana
Kikubaaqudgha
Makhleb
Nemelex Xobeh
Okawaru
Qazlal
Ru
Sif Muna
Trog
Uskayaw
Vehumet
Wu Jian
Xom
Yredelemnul
Zin
The Shining One

Shops:
D:2 ?   D:4 [

Annotations:
D:4 1 runed translucent door, Crazy Yiuf
D:8 Psyche


Innate Abilities, Weirdness & Mutations

You are a hulking beast.
Your limbs bulge with bestial killing power. (Slay +4)
You are too large for most types of armour.
You have claws for hands.
Your natural rate of healing is unusually fast.
You are covered in fur. (AC +1)
You have tough skin. (AC +1)


Message History

The bullfrog hits you.
Okay, then.
The bullfrog attacks as it pursues you! The bullfrog hits you. x2
The bullfrog hits you but does no damage.
The bullfrog attacks as it pursues you!
The bullfrog hits you but does no damage.
The bullfrog hits you.
The komodo dragon looks more healthy.
The bullfrog attacks as it pursues you! The bullfrog hits you.
The bullfrog attacks as it pursues you! The bullfrog barely misses you. x2
The bullfrog attacks as it pursues you! The bullfrog closely misses you.
The bullfrog hits you but does no damage.
You mangle the bullfrog!!
You kill the bullfrog!
Qazlal accepts your kill.
You claw the komodo dragon!
The komodo dragon is heavily wounded.
The komodo dragon bites you!!
You scratch the komodo dragon but do no damage.
The komodo dragon is heavily wounded.
You scratch the komodo dragon.
The komodo dragon is heavily wounded.
The komodo dragon bites you!!
* * * LOW HITPOINT WARNING * * *
Okay, then.
As you read the scroll of teleportation, it crumbles to dust.
You feel strangely unstable. The komodo dragon bites you.
* * * LOW HITPOINT WARNING * * *
The komodo dragon attacks as it pursues you!
The komodo dragon bites you!
* * * LOW HITPOINT WARNING * * *
Your surroundings suddenly seem different.
A scorpion and Psyche come into view.
Psyche is wielding a +3 dagger of distortion and carrying a wand of charming.
Found a leather armour.
Psyche shouts!
You fly up into the air.
x - a ring of flight (left claw) Psyche hits you with a +3 dagger of distortion!
You die...

# #..≈≈#
##.#..≈≈#
..#..≈≈# P
....≈≈#####
[.##...≈≈≈≈≈#
.......≈≈≈≈≈#
........≈≈≈≈#
P.....sh@≈≈≈#
..P........≈#
...P...........
P..............
.P.........####
......P....#
...........#
......P....#
..P....#####


You could see Psyche and a scorpion.

Vanquished Creatures
  A hornet (D:7)
  Sigmund (D:2)
  A vampire (D:8)
  Edmund (D:4)
  4 water moccasins (D:8)
  2 black bears
  3 ogres
  A centaur (D:6)
  A kobold brigand (D:8)
  4 bullfrogs
  3 scorpions
  4 wights (D:7)
  5 killer bees (D:8)
  2 howler monkeys
  2 bombardier beetles (D:5)
  A jelly (D:5)
  6 hounds
  An orc priest (D:6)
  An iguana (D:5)
  2 orc wizards
  6 adders
  8 gnolls
  4 white imps
  4 dart slugs
  3 ribbon worms
  13 orcs
  9 endoplasms
  2 giant cockroaches
  6 goblins
  5 hobgoblins
  3 jackals (D:2)
  5 quokkas
  A ball python (D:3)
  2 bats (D:3)
  5 frilled lizards
  16 kobolds
  4 rats
142 creatures vanquished.

Notes
Turn   | Place    | Note
-------+----------+-------------------------------------------
     0 | D:1      | anacleto the Troll Shapeshifter began the quest for the
                  | Orb.
     0 | D:1      | Reached XP level 1. HP: 18/18 MP: 0/0
    72 | D:1      | Reached skill level 1 in Fighting
   129 | D:1      | Reached XP level 2. HP: 27/27 MP: 1/1
   429 | D:1      | Reached XP level 3. HP: 33/33 MP: 2/2
   742 | D:2      | You fall into a shaft and drop 2 floors!
   766 | D:4      | Found a runed translucent door.
   767 | D:4      | Noticed Crazy Yiuf
  1120 | D:2      | Reached XP level 4. HP: 42/42 MP: 3/3
  1351 | D:2      | Noticed Sigmund
  1369 | D:2      | Killed Sigmund
  1370 | D:2      | Reached skill level 4 in Shapeshifting
  1370 | D:2      | Reached XP level 5. HP: 48/50 MP: 4/4
  1686 | D:2      | Found Tagh's Magic Scroll Emporium.
  1689 | D:2      | Bought a scroll of identify for 24 gold pieces
  1689 | D:2      | Bought a scroll of identify for 24 gold pieces
  1689 | D:2      | Bought a scroll of identify for 24 gold pieces
  1689 | D:2      | Bought a scroll of teleportation for 36 gold pieces
  1689 | D:2      | Bought 2 scrolls of identify for 48 gold pieces
  1689 | D:2      | Bought a scroll of identify for 24 gold pieces
  1689 | D:2      | Bought a scroll of identify for 24 gold pieces
  2269 | D:3      | Reached XP level 6. HP: 56/59 MP: 5/5
  2929 | D:4      | Reached XP level 7. HP: 65/66 MP: 6/6
  2938 | D:4      | Noticed Edmund
  2948 | D:4      | Killed Edmund
  2949 | D:4      | Reached skill level 1 in Throwing
  3028 | D:4      | Reached skill level 5 in Shapeshifting
  3070 | D:4      | Found Weuriosch's Armour Boutique.
  3444 | D:4      | Found an ancient bone altar of Kikubaaqudgha.
  3636 | D:5      | Entered Level 5 of the Dungeon
  3671 | D:5      | Found an ornate altar of the Wu Jian Council.
  3804 | D:5      | Reached skill level 5 in Unarmed Combat
  3896 | D:5      | Reached XP level 8. HP: 69/75 MP: 7/7
  4200 | D:5      | Got Dipsedo's Vellum of Glowing Misfortune
  4429 | D:6      | Found a staircase to the Ecumenical Temple.
  4439 | Temple   | Entered the Ecumenical Temple
  4449 | Temple   | Became a worshipper of Qazlal Stormbringer
  4615 | D:6      | Reached skill level 6 in Shapeshifting
  5411 | D:6      | Found an iron altar of Okawaru.
  5428 | D:6      | Reached * piety under Qazlal
  5532 | D:7      | Noticed a hornet
  5539 | D:7      | Killed a hornet
  5870 | D:7      | Reached XP level 9. HP: 76/84 MP: 8/8
  6523 | D:7      | Reached skill level 7 in Shapeshifting
  6659 | D:8      | Reached skill level 8 in Shapeshifting
  6869 | D:8      | Reached skill level 9 in Shapeshifting
  6872 | D:8      | Noticed a komodo dragon
  6904 | D:8      | HP: 3/85 [komodo dragon (15)]
  6906 | D:8      | Noticed Psyche
  6908 | D:8      | Slain by Psyche

Illustrated notes

Levels and vault maps discovered:
D:1:      grunt_arrival_crossed_arrows, layout_loops_ring, solitary_fountain,
          st_stairs_5, minmay_close_crescents
D:2:      layout_basic, serial_shops, nicolae_shop_rolled_up, minivault_11,
          uniq_sigmund
D:3:      layout_basic, dreamdust_wishing_well
D:4:      layout_loops_cross, mainiacjoe_overflow_brackets, serial_glass,
          glass_columns_b, glass_columns_b, serial_shops,
          nicolae_shop_back_alley_shop, uniq_edmund, uniq_crazy_yiuf_cottage
D:5:      nicolae_cairo_tiling_very_big, layout_basic,
          mainiacjoe_overflow_tiny_flanked
D:6:      layout_basic, okawaru_altar_gauntlet_db,
          minmay_temple_entry_offerings, minmay_misc_feat_enclosed
D:7:      layout_basic, minmay_misc_feat_five, kennysheep_cross_bottleneck,
          serial_bayou_pond_e
D:8:      layout_rooms, due_lair_maze_entry_diamond, ebering_ghost_inner_flame,
          grunt_decor_junction, small_chamber_with_monster, uniq_psyche
Temple:   nicolae_temple_no_exploring_needed

Skill      XL: |  1  2  3  4  5  6  7  8  9 |
---------------+----------------------------+-----
Fighting       | 1 2 3 4 |  4.3
Dodging        | 2 3 4 |  4.5
Unarmed Combat | 4 5 |  5.9
Shapeshifting  | 4 5 6 9 |  9.1
Throwing       | 2 3 |  3.5

Action                     |  1- 3 |  4- 6 |  7- 9 || total
---------------------------+-------+-------+-------++-------
  Melee: Unarmed           |    78 |    67 |   229 ||   374
         Punch             |     1 |     1 |     6 ||     8
  Throw: Dart              |       |     6 |    11 ||    17
         Javelin           |       |       |    11 ||    11
  Evoke: Wand              |       |       |     1 ||     1
    Use: Potion            |       |     1 |     7 ||     8
         Scroll            |       |    10 |     8 ||    18
 Armour: Animal skin       |    43 |    40 |   214 ||   297
         Skin              |       |     2 |       ||     2
  Dodge: Dodged            |    30 |    22 |   133 ||   185
  Block: Other             |       |       |     7 ||     7

Table legend: (Time is in decaauts)
 A = Elapsed time spent in this place.
 B = Non-inter-level travel time spent in this place.
 C = Inter-level travel time spent in this place.
 D = Time resting spent in this place.
 E = Time spent auto-exploring this place.
 F = Levels seen in this place.
 G = Mean time per level.
                   A        B        C        D        E       F      G
               +--------+--------+--------+--------+--------+-----+--------+
         Total |   6903 |   6590 |    313 |    605 |   4352 |   9 |  767.0 |
       Dungeon |   6882 |   6569 |    313 |    605 |   4352 |   8 |  860.2 |
        Temple |     20 |     20 |      0 |      0 |      0 |   1 |   20.0 |
               +--------+--------+--------+--------+--------+-----+--------+

Top non-repeatable levels by time:
     D:6: 1087 daAuts
     D:3: 1039 daAuts
     D:7: 1036 daAuts
     D:2: 1018 daAuts
     D:4: 961 daAuts
     D:5: 778 daAuts
     D:1: 611 daAuts
     D:8: 349 daAuts
  Temple: 20 daAuts
